 Dungeon Crawl Stone Soup version 0.31.0-9-g3a7656b989 (webtiles) character file.

Game seed: 6290849073009002340

25 RancidPinata the Sneak (level 3, -4/24 HPs)
             Began as a Gargoyle Delver on Jan 24, 2024.
             Incinerated by a bombardier beetle (6 damage)
             ... with a burning spray
             ... on level 6 of the Dungeon.
             The game lasted 00:02:14 (338 turns).

RancidPinata the Sneak (Gargoyle Delver)             Turns: 338, Time: 00:02:14

Health: -4/24      AC:  6    Str: 17    XL:     3   Next: 6%
Magic:  3/3        EV: 11    Int: 10    God:
Gold:   0          SH:  0    Dex: 11    Spells: 2/2 levels left

rFire   . . .        a - +0 mace
rCold   . . .        (no shield)
rNeg    + . .        b - +0 leather armour
rPois   ∞            (no helmet)
rElec   +            (no cloak)
rCorr   .            (no gloves)
SInv    .            (no boots)
Will    .....        (no amulet)
Stlth   +            (no ring)
HPRegen 0.24/turn    (no ring)
MPRegen 0.08/turn

%: no passive effects
@: on fire, glowing
A: sickness immunity, AC +3, negative energy resistance 1, electricity
resistance, torment resistance 1, petrification resistance
a: no special abilities


You were on level 6 of the Dungeon.
You visited 1 branch of the dungeon, and saw 2 of its levels.

Inventory:

Hand Weapons
 a - a +0 mace (weapon)
Armour
 b - a +0 leather armour (worn)
Wands
 g - a wand of digging (3)
Scrolls
 c - a scroll of fog
 d - a scroll of revelation
 e - a scroll of fear
 h - a scroll of identify {unknown}
Potions
 f - a potion of haste


   Skills:
 * Level 3.6 Fighting
 + Level 2.2 Maces & Flails
 * Level 1.2 Armour
 + Level 1.8 Dodging
 + Level 5.6 Stealth


You had 2 spell levels left.
You didn't know any spells.
Your spell library was empty.

Dungeon Overview and Level Annotations

Branches:
Dungeon (6/15)
 Temple: D:4-7

Altars:


Innate Abilities, Weirdness & Mutations

You are immune to sickness and miasma.
Your stone body is resilient. (AC +3)
You are immune to poison.
You resist negative energy. (rN+)
You are resistant to electric shocks. (rElec)
You are resistant to unholy torment.
You are immune to petrification.


Message History

The ufetubus barely misses you.
You sock the ufetubus!
You kill the ufetubus!
You have reached level 3!
Your experience leads to an increase in your attributes!
Increase (S)trength, (I)ntelligence, or (D)exterity?
You feel stronger. x2
You start resting.
HP restored.
A bombardier beetle comes into view.
You start waiting.
A bombardier beetle is nearby!
The bombardier beetle sprays incendiary fluid at you.
The burning spray hits you.
You are covered in liquid fire!
You hit the bombardier beetle.
The bombardier beetle is lightly wounded.
The liquid fire burns you!
You hit the bombardier beetle but do no damage.
The bombardier beetle is lightly wounded.
The liquid fire burns you!
The bombardier beetle barely misses you.
You thump the bombardier beetle!
The bombardier beetle is heavily wounded.
The liquid fire burns you!
* * * LOW HITPOINT WARNING * * *
The bombardier beetle sprays incendiary fluid at you.
The burning spray hits you.
You are even more covered in liquid fire!
You barely miss the bombardier beetle.
The bombardier beetle is heavily wounded.
The liquid fire burns you!
* * * LOW HITPOINT WARNING * * *
The bombardier beetle sprays incendiary fluid at you.
The burning spray hits you.
You are even more covered in liquid fire!
You hit the bombardier beetle but do no damage.
The bombardier beetle is heavily wounded.
The liquid fire burns you!
You die...

....#..... #..#...##
## .. #.......# ..#.
#.......# .#.##
#.......# ....#
#..#...####. #
..####....#......
..##
##B...##.##.######
....
#@.##.##.##.....<.
#..##.......#########
#........###
#....######.# ....#
#.# ### #.# #.# #..
..#


You could see a bombardier beetle.

Vanquished Creatures
  An adder (D:6)
  3 ufetubi (D:6)
4 creatures vanquished.

Notes
Turn   | Place    | Note
-------+----------+-------------------------------------------
     0 | D:5      | RancidPinata the Gargoyle Delver began the quest for the
                  | Orb.
     0 | D:5      | Reached XP level 1. HP: 14/14 MP: 1/1
    55 | D:6      | Noticed an orc wizard
    55 | D:6      | Noticed an orc priest
    80 | D:6      | Noticed a scorpion
   165 | D:6      | Reached XP level 2. HP: 13/19 MP: 2/2
   200 | D:6      | Reached skill level 1 in Armour
   250 | D:6      | Reached XP level 3. HP: 6/24 MP: 3/3
   337 | D:6      | HP: 1/24 [burnt (6)]
   338 | D:6      | Incinerated by a bombardier beetle

Illustrated notes

Levels and vault maps discovered:
D:5:      layout_loops_corners, grunt_gozag_statues, grunt_temple_overflow_open,
          okawaru_trees_1, mainiacjoe_overflow_tiny_flanked,
          minmay_temple_entry_waves, water_maze_lemuel, uniq_crazy_yiuf_cottage
D:6:      layout_loops_ring, minivault_11, serial_park_tiny_2, minivault_14,
          nicolae_zig_zag_zippers, uniq_eustachio

Skill      XL: |  1  2 |
---------------+-------+-----
Armour         | 1 |  1.2
Fighting       | |  3.6
Maces & Flails | |  2.2
Dodging        | |  1.8
Stealth        | |  5.6

Action                     || total
---------------------------++-------
  Melee: Mace              ||    37
         Punch             ||     1
   Stab: Sleeping          ||     1
 Armour: Leather armour    ||    46
  Dodge: Dodged            ||    54
